 Dungeon Crawl Stone Soup version 0.28.0-53-g5a82cb258f (webtiles) character file.

Game seed: 18156940692884569691

674 Sin92 the Poker (level 7, 0/82 HPs)
             Began as a Demonspawn Fighter on July 7, 2022.
             Slain by an adder (4 damage)
             ... in a sewer.
             The game lasted 00:03:46 (2354 turns).

Sin92 the Poker (Demonspawn Fighter)                Turns: 2354, Time: 00:03:47

Health: 0/82       AC:  7    Str: 18    XL:     7   Next: 33%
Magic:  7/7        EV:  6    Int: 10    God:
Gold:   82         SH: 11    Dex: 14    Spells: 6/6 levels left

rFire   . . .      SeeInvis +   a - +0 trident (venom)
rCold   . . .      Faith    .   c - +0 buckler
rNeg    . . .      Spirit   .   b - +0 scale mail
rPois   .          Reflect  .   (no helmet)
rElec   .          Harm     .   (no cloak)
rCorr   .          Rampage  .   (no gloves)
Will    .....                   (no boots)
Stlth   ..........              (no amulet)
HPRegen 0.23/turn               (no ring)
MPRegen 0.10/turn               (no ring)

@: berserking (expiring), lethally poisoned (0 -> -1), constricted, studying
Maces & Flails, slow
A: hooves 1, large bone plates 2, foul stench 1, demonic magic 1, see invisible,
strong 1
a: no special abilities


You were in a sewer.
You visited 1 branch of the dungeon, and saw 3 of its levels.
You also visited: Sewer.

You collected 82 gold pieces.

Inventory:

Hand Weapons
 a - a +0 trident of venom (weapon)
Armour
 b - a +0 scale mail (worn)
 c - a +0 buckler (worn)
 i - a +0 plate armour
Jewellery
 f - a ring of ice
Wands
 j - a wand of paralysis (7)
Scrolls
 e - 2 scrolls of immolation {unknown}
 g - 2 scrolls of amnesia
 h - a scroll of identify
 m - 2 scrolls of enchant weapon {unknown}
Potions
 d - 2 potions of mutation
 k - a potion of ambrosia {unknown}
 l - a potion of brilliance {unknown}
 o - a potion of might
 p - a potion of haste {unknown}


   Skills:
 + Level 4.5 Fighting
 + Level 2.1 Maces & Flails
 * Level 4.7 Polearms
 + Level 4.1 Armour
 + Level 4.2 Shields


You had 6 spell levels left.
You didn't know any spells.
Your spell library was empty.

Dungeon Overview and Level Annotations

Branches:
Dungeon (3/15)              Sewer (1/1)

Altars:

Shops:
D:1 ?


Innate Abilities, Weirdness & Mutations

You have large cloven feet.
You are mostly covered in large bone plates. (SH +6)
You may rarely emit foul miasma when damaged in melee.
Spells you cast may paralyse adjacent enemies.
You have supernaturally acute eyesight. (SInv)
Your muscles are strong. (Str +2)


Message History

You kill the adder!
You block the adder's attack.
The bullfrog is engulfed in dark miasma.
The bullfrog looks as sick as possible!
You kill the bullfrog!
The adder bites you but does no damage.
The ball python bites you but does no damage.
The ball python constricts you.
The ball python is engulfed in dark miasma.
The ball python is poisoned.
You kill the ball python!
The endoplasm freezes you.
You are frozen.
* * * LOW HITPOINT WARNING * * *
You block the ball python's attack.
Your Maces & Flails skill increases to level 2!
You hit the adder.
The adder is lightly wounded.
You feel sick. You block the adder's attack.
The adder bites you but does no damage.
You hit the adder.
The adder is poisoned.
You kick the adder.
You kill the adder!
You block the ball python's attack. The ball python constricts you.
* * * LOW HITPOINT WARNING * * *
You block the ball python's attack.
The endoplasm hits you but does no damage.
The bullfrog hits you but does no damage.
Your unstable footing causes you to fumble your attack.
You feel sick. The adder barely misses you.
The ball python bites you but does no damage.
The ball python constricts you. You block the ball python's attack.
You block the bullfrog's attack.
Unknown command.
Your unstable footing causes you to fumble your attack.
You feel sick. The endoplasm freezes you.
You are frozen.
* * * LOW HITPOINT WARNING * * *
The adder bites you.
You die...

..##### ...'..# ..†#..#
...####
....####################
.....#≈≈≈≈≈≈≈≈≈≈≈≈≈≈≈...
#.....≈≈≈≈≈≈≈≈≈≈≈≈≈≈≈...
#.....≈≈≈≈≈≈≈≈≈○SS≈≈≈...
#.....≈≈≈≈≈≈≈≈≈≈@J≈≈≈...
##....≈≈≈≈≈≈≈..SF°≈≈≈...
###.#≈≈≈≈≈≈≈≈≈≈≈≈≈≈≈...
#####################


You could see a bullfrog, an adder, an endoplasm and 2 ball pythons.

Vanquished Creatures
  Grinder (D:3)
  Sigmund (D:3)
  A bullfrog (Sewer)
  Terence (D:2)
  An orc wizard (D:3)
  9 adders
  5 river rats (Sewer)
  A worm (D:3)
  4 orcs (D:3)
  10 ball pythons
  9 endoplasms
  6 giant cockroaches
  A goblin (D:1)
  3 hobgoblins
  A kobold (D:1)
  4 quokkas
  8 bats
  6 frilled lizards
  22 rats
94 creatures vanquished.

Notes
Turn   | Place    | Note
-------+----------+-------------------------------------------
     0 | D:1      | Sin92 the Demonspawn Fighter began the quest for the Orb.
     0 | D:1      | Reached XP level 1. HP: 18/18 MP: 1/1
    75 | D:1      | Found a faded altar of an unknown god.
    75 | D:1      | Noticed a quasit
   113 | D:1      | Found Xegguyv's Magic Scroll Emporium.
   185 | D:1      | Gained mutation: You are partially covered in large bone
                  | plates. (SH +4) [demonic ancestry]
   185 | D:1      | Reached XP level 2. HP: 24/24 MP: 2/2
   908 | D:2      | Gained mutation: You are mostly covered in large bone
                  | plates. (SH +6) [demonic ancestry]
   908 | D:2      | Reached XP level 3. HP: 26/29 MP: 3/3
  1368 | D:2      | Noticed Terence
  1384 | D:2      | Killed Terence
  1385 | D:2      | Gained mutation: You have large cloven feet. [demonic
                  | ancestry]
  1385 | D:2      | Reached XP level 4. HP: 26/35 MP: 4/4
  1621 | D:3      | Noticed Grinder
  1635 | D:3      | Killed Grinder
  1636 | D:3      | Gained mutation: Spells you cast may paralyse adjacent
                  | enemies. [demonic ancestry]
  1636 | D:3      | Reached XP level 5. HP: 7/42 MP: 5/5
  1636 | D:3      | Reached XP level 6. HP: 8/48 MP: 6/6
  1745 | D:3      | Identified a scroll of acquirement
  1745 | D:3      | Acquired a manual of Maces & Flails
  1751 | D:3      | Noticed Sigmund
  1754 | D:3      | Gained mutation: You have supernaturally acute eyesight.
                  | (SInv) [potion of mutation]
  1754 | D:3      | Gained mutation: Your muscles are strong. (Str +2) [potion
                  | of mutation]
  1761 | D:3      | Killed Sigmund
  1762 | D:3      | Reached skill level 1 in Maces & Flails
  1843 | D:3      | Found a glowing drain.
  1867 | Sewer    | Entered a sewer
  2065 | Sewer    | Gained mutation: You may rarely emit foul miasma when
                  | damaged in melee. [demonic ancestry]
  2065 | Sewer    | Reached XP level 7. HP: 55/55 MP: 7/7
  2354 | Sewer    | HP: 4/82 [frozen (4)]
  2354 | Sewer    | Slain by an adder

Illustrated notes

Levels and vault maps discovered:
D:1:      wander_arrival_chamber, layout_loops_ring,
          dreamdust_ecumenical_altar_sealed_demon, serial_shops,
          nicolae_square_shop
D:2:      layout_basic, uniq_terence
D:3:      layout_loops_cross, portal_sewer_entry_f, kennysheep_pointless_box,
          wad_floor_pattern_1, st_stairs_12, minivault_4, item_on_display_a,
          uniq_sigmund, uniq_grinder
Sewer:    sewer_minmay_w

Skill      XL: |  1  2  3  4  5  6  7 |
---------------+----------------------+-----
Polearms       | 2 3 4 |  4.7
Armour         | 3 4 |  4.1
Shields        | 3 4 |  4.2
Fighting       | 4 |  4.5
Maces & Flails | 1 2 |  2.1

Action                   |  1- 3 |  4- 6 |  7- 9 || total
-------------------------+-------+-------+-------++-------
Melee: Trident           |   141 |    90 |    64 ||   295
       Kick              |       |    17 |     9 ||    26
  Use: Potion            |       |     3 |     1 ||     4
       Scroll            |       |     3 |       ||     3
Armor: Scale mail        |    57 |    34 |    47 ||   138
Dodge: Dodged            |    51 |    27 |    41 ||   119
Block: Buckler           |    49 |    44 |    74 ||   167
